 Dungeon Crawl Stone Soup version 0.27.1 (webtiles) character file.

Game seed: 12017877955035225993

97 pkoi the Ruffian (level 4, -5/41 HPs)
             Began as a Troll Gladiator on Aug 24, 2021.
             Was a Follower of Okawaru.
             Killed from afar by a white imp (11 damage)
             ... with a puff of frost
             ... summoned by Natasha
             ... on level 2 of the Dungeon.
             The game lasted 00:01:14 (1197 turns).

pkoi the Ruffian (Troll Gladiator)                  Turns: 1197, Time: 00:01:14

Health: -5/41      AC:  5    Str: 23    XL:     4   Next: 42%
Magic:  2/4        EV: 12    Int:  4    God:    Okawaru [*.....]
Gold:   76         SH:  0    Dex: 11    Spells: 3/3 levels left

rFire    . . .     SeeInvis .     - Unarmed
rCold    . . .     Faith    .   (no shield)
rNeg     . . .     Spirit   .   a - +0 robe
rPois    .         Reflect  .   b - +0 hat
rElec    .         Harm     .   g - +0 cloak
rCorr    .         Rampage  .   (gloves unavailable)
Will     .....                  (boots unavailable)
Stlth    +++.......             (no amulet)
HPRegen  1.13/turn              (no ring)
MPRegen  0.09/turn              (no ring)

@: heroic, slowed, very slow
A: large, unfitting armour, claws 3, regeneration 1, shaggy fur 1, tough skin 1
a: Renounce Religion, Heroism


You were on level 2 of the Dungeon.
You worshipped Okawaru.
Okawaru was aware of your devotion.
You visited 1 branch of the dungeon, and saw 2 of its levels.

You collected 76 gold pieces.

Inventory:

Missiles
 c - 3 throwing nets (quivered)
Armour
 a - a +0 robe (worn)
 b - a +0 hat (worn)
 g - a +0 cloak (worn)
Scrolls
 d - 2 scrolls of identify {unknown}
 f - a scroll of brand weapon {unknown}
 h - a scroll of fog {unknown}
Potions
 e - a potion of haste {unknown}
 i - a potion of magic {unknown}
 j - a potion of attraction {unknown}


   Skills:
 - Level 1.5(6.5) Fighting
 - Level 1.7(6.7) Throwing
 - Level 2.4(7.4) Dodging
 + Level 4.6(9.6) Unarmed Combat
 + Level 2.0 Invocations


You had 3 spell levels left.
You didn't know any spells.
Your spell library was empty.

Dungeon Overview and Level Annotations

Branches:
Dungeon (2/15)

Altars:
Hepliaklqana
Okawaru

Annotations:
D:2 Natasha


Innate Abilities, Weirdness & Mutations

You are too large for most types of armour.
You have claws for hands.
Your natural rate of healing is unusually fast.
You are covered in fur. (AC +1)
You have tough skin. (AC +1)


Message History

The puff of frost hits you! Natasha barely misses you.
The white imp summons a swarm of flies.
The white imp hits you but does no damage.
Natasha mumbles some strange words.
The white imp hits you but does no damage.
You closely miss Natasha.
Natasha is lightly wounded.
The white imp barely misses you. Natasha claws you. The white imp hits you.
* * * LOW HITPOINT WARNING * * *
The white imp freezes you.
* * * LOW HITPOINT WARNING * * *
The white imp hits you but does no damage.
You barely miss Natasha.
Natasha is lightly wounded.
The white imp barely misses you.
Natasha stares at you and mumbles some strange words.
The magic dart hits you.
* * * LOW HITPOINT WARNING * * *
The white imp lashes its tail.
The white imp gestures at you. The puff of frost hits you.
* * * LOW HITPOINT WARNING * * *
Natasha stares at you and mumbles some strange words.
The magic dart hits you.
* * * LOW HITPOINT WARNING * * *
You scratch Natasha.
Natasha is moderately wounded.
The white imp gestures at you. The puff of frost hits you.
* * * LOW HITPOINT WARNING * * *
The white imp laughs crazily.
Natasha claws you.
* * * LOW HITPOINT WARNING * * *
The crimson imp hits you but does no damage.
You gain the combat prowess of a mighty hero.
The white imp barely misses you. Natasha claws you but does no damage.
The crimson imp barely misses you. The white imp barely misses you.
The white imp gestures at you. The puff of frost hits you!
You die...

'....##.##...............#
####.#
#....##.##....)..........#
#.#
#.....#.##.._............#
#.#
......#.##........###.####
###.# ......#.##........#
#... ...#
......#.##........# #...#
#.# ......#.##........#
#...###.###..
......#.##.....5h5+
....#.......#
......#.##.....5@.#
#.#.###.#
......#.##........#
#.#.###.#
......#.##........#
#.#.....#
......#.########'##
#.#####†# ......'...#
#.########.......#
......###.#
#................# .######
#.# ###############..# ##
#.# #..# #.# #.##


You could see Natasha, a crimson imp (summoned) and 2 white imps.

Vanquished Creatures
  Natasha (twice) (D:2)
  A gnoll (D:1)
  An adder (D:2)
  A worm (D:2)
  4 ball pythons
  An endoplasm (D:2)
  A giant cockroach (D:2)
  4 hobgoblins (D:1)
  A quokka (D:2)
  A bat (D:1)
  2 frilled lizards (D:1)
  4 goblins
  2 kobolds (D:2)
  4 rats
29 creatures vanquished.

Notes
Turn   | Place    | Note
-------+----------+-------------------------------------------
     0 | D:1      | pkoi the Troll Gladiator began the quest for the Orb.
     0 | D:1      | Reached XP level 1. HP: 19/19 MP: 0/0
    22 | D:1      | Reached XP level 2. HP: 8/27 MP: 1/1
    68 | D:1      | Found a faded altar of an unknown god.
    90 | D:1      | Became a worshipper of Warmaster Okawaru
    90 | D:1      | Reached * piety under Okawaru
   693 | D:2      | Reached skill level 4 in Unarmed Combat
   742 | D:2      | Reached XP level 3. HP: 33/33 MP: 2/2
   754 | D:2      | Noticed Natasha
   758 | D:2      | Killed Natasha
   759 | D:2      | Reached skill level 1 in Invocations
   880 | D:2      | Reached XP level 4. HP: 37/41 MP: 4/4
  1037 | D:2      | Found a hazy altar of Hepliaklqana.
  1113 | D:2      | Noticed Natasha
  1118 | D:2      | Killed Natasha
  1182 | D:2      | Noticed Natasha
  1197 | D:2      | Killed from afar by a white imp

Illustrated notes

Levels and vault maps discovered:
D:1:      elethiomel_arrival_shortcut, layout_basic,
          hellmonk_ecumenical_altar_arch_garden
D:2:      layout_basic, basic_altar, uniq_natasha

Skill      XL: |  1  2  3  4 |
---------------+-------------+-----
Unarmed Combat | 4 |  4.6
Invocations    | 1 2 |  2.0
Fighting       | |  1.5
Throwing       | |  1.7
Dodging        | |  2.4

Action                   |  1- 3 |  4- 6 || total
-------------------------+-------+-------++-------
Melee: Unarmed           |    43 |    20 ||    63
Invok: Heroism           |       |     1 ||     1
Armor: Robe              |    10 |     9 ||    19
Dodge: Dodged            |    20 |    14 ||    34
